 Dungeon Crawl Stone Soup version 0.28-a0-1429-gf3d713df7a (webtiles) character file.

Game seed: 14608679085530842002

2853 southernslant the Skirmisher (level 9, -14/56 HPs)
             Began as a Gargoyle Gladiator on Jan 9, 2022.
             Was a Follower of Makhleb.
             Demolished by Grum (16 damage)
             ... on level 8 of the Dungeon.
             The game lasted 00:22:42 (8858 turns).

southernslant the Skirmisher (Gargoyle Gladiator)   Turns: 8858, Time: 00:22:42

Health: -14/56     AC: 15    Str: 20    XL:     9   Next: 75%
Magic:  11/12      EV: 13    Int:  9    God:    Makhleb [*.....]
Gold:   331        SH:  0    Dex: 13    Spells: 8/8 levels left

rFire   + . .      SeeInvis .   a - +0 trident
rCold   x . .      Faith    .   (no shield)
rNeg    + + +      Spirit   .   b - +0 leather armour
rPois   ∞          Reflect  .   m - +1 helmet
rElec   +          Harm     .   (no cloak)
rCorr   .          Rampage  .   (no gloves)
Will    .....                   d - +2 pair of boots
Stlth   ++........              (no amulet)
HPRegen 0.18/turn               j - ring of positive energy
MPRegen 0.13/turn               z - ring "Juiwkiy" {Fire rN+}

@: no status effects
A: sickness immunity, AC +6, negative energy resistance 1, electricity
resistance, torment resistance 1, petrification resistance
a: Renounce Religion


You were on level 8 of the Dungeon.
You worshipped Makhleb.
Makhleb was aware of your devotion.
You visited 2 branches of the dungeon, and saw 9 of its levels.

You collected 359 gold pieces.
You spent 28 gold pieces at shops.

Inventory:

Hand Weapons
 a - a +0 trident (weapon)
 p - a +0 hunting sling
 u - a +0 lajatang
Missiles
 f - 206 stones
 q - 2 poisoned darts (quivered)
Armour
 b - a +0 leather armour (worn)
 d - a +2 pair of boots (worn)
 m - a +1 helmet (worn)
Magical Staves
 B - a staff of air
Jewellery
 j - a ring of positive energy (left hand)
 z - the ring "Juiwkiy" (right hand) {Fire rN+}
   (You found it on level 7 of the Dungeon)

   [ring of fire]

   It enhances your fire magic.
   rF:        It protects you from fire.
   rC:        It makes you vulnerable to cold.
   rN:        It protects you from negative energy.
 C - a ring of protection from cold
Wands
 v - a wand of acid (8)
 w - a wand of paralysis (2)
Scrolls
 c - 2 scrolls of torment {unknown}
 h - 6 scrolls of identify
 i - a scroll of immolation {unknown}
 l - 4 scrolls of teleportation {unknown}
 o - a scroll of fear {unknown}
 r - a scroll of enchant armour {unknown}
 t - 3 scrolls of magic mapping {unknown}
 x - a scroll of amnesia {unknown}
 y - a scroll of summoning {unknown}
Potions
 e - 3 potions of heal wounds
 g - 2 potions of flight {unknown}
 k - a potion of attraction {unknown}
 n - a potion of curing {unknown}
 s - 2 potions of brilliance {unknown}
 A - a potion of might {unknown}


   Skills:
 * Level 6.5 Fighting
 + Level 5.0 Polearms
 + Level 4.4 Throwing
 + Level 5.8 Armour
 * Level 5.1 Dodging
 + Level 3.2 Stealth
 * Level 4.0 Invocations
 + Level 3.1 Evocations


You had 8 spell levels left.
You didn't know any spells.
Your spell library contained the following spells:

 Spells                   Type           Power      Damage    Failure   Level
 Animate Skeleton         Necr           0%         N/A       43%         1
 Freeze                   Ice            0%         1d3       43%         1
 Pain                     Necr           0%         1d4       43%         1
 Frozen Ramparts          Ice            0%         1d2       80%         3
 Vampiric Draining        Necr           0%         2d6       80%         3
 Hailstorm                Conj/Ice       0%         3d3       99%         4


Dungeon Overview and Level Annotations

Branches:
Dungeon (8/15)             Temple (1/1) D:4
   Lair: D:8-11

Altars:
Ashenzari
Cheibriados
Dithmenos
Elyvilon
Fedhas
Kikubaaqudgha
Makhleb
Nemelex Xobeh
Okawaru
Qazlal
Ru
Sif Muna
Trog
Uskayaw
Vehumet
Wu Jian
Xom
Yredelemnul
The Shining One

Shops:
D:2 ?   D:3 (

Annotations:
D:8 Grum


Innate Abilities, Weirdness & Mutations

You are immune to sickness and miasma.
Your stone body is resilient. (AC +6)
You are immune to poison.
You resist negative energy. (rN+)
You are resistant to electric shocks. (rElec)
You are resistant to unholy torment.
You are immune to petrification.


Message History

Grum barks.
You barely miss the wolf.
The wolf is severely wounded.
The wolf looks more healthy.
The wolf bites you but does no damage. x2
You hit the wolf.
The wolf is almost dead.
The wolf closely misses you. Grum barely misses you.
The wolf bites you but does no damage.
You barely miss the wolf.
The wolf is almost dead.
The wolf barely misses you. Grum closely misses you.
You closely miss the wolf.
The wolf is almost dead.
The wolf misses you. The wolf bites you.
Grum hits you from afar with a -1 spear of flaming!
Grum burns you.
You hit the wolf.
You kill the wolf!
Makhleb accepts your kill. Grum barely misses you.
Your Invocations skill increases to level 4!
You reach to attack!
You barely miss Grum.
Grum hits you from afar with a -1 spear of flaming!
Grum burns you.
Grum hits you with a -1 spear of flaming!
Grum burns you.
You see here a wolf corpse.
You hit Grum but do no damage.
Grum hits you with a -1 spear of flaming.
* * * LOW HITPOINT WARNING * * *
You puncture Grum!
Grum is moderately wounded.
Grum hits you with a -1 spear of flaming!
* * * LOW HITPOINT WARNING * * *
Grum burns you.
* * * LOW HITPOINT WARNING * * *
You hit Grum but do no damage.
Grum is moderately wounded.
Grum hits you with a -1 spear of flaming!
You die...

#....# ######(...##
...........#
...........#
...........+
########'########
#................
#.....g..........
#....@...........
#................
#####................
#...##'######+#######
#.............#....#
#.............#....#
#...<.........#....#
#.............#....#
#.............#....#


You could see Grum.

Vanquished Creatures
  Grinder (D:3)
  Prince Ribbit (D:5)
  Menkaure (D:5)
  A water moccasin (D:6)
  An orc warrior (D:7)
  A sky beast (D:7)
  3 ice beasts
  A necrophage (D:5)
  4 ogres
  2 wolves
  3 scorpions
  2 water moccasin skeletons (D:6)
  A centaur zombie (D:6)
  A gnoll shaman (D:5)
  A hound (D:6)
  6 orc priests
  2 jellies (D:5)
  A centaur skeleton (D:6)
  2 iguanas
  7 orc wizards
  A mummy (D:5)
  2 hound skeletons (D:4)
  7 gnolls
  2 howler monkey skeletons
  7 adders
  A shadow imp (D:5)
  A white imp (D:5)
  2 ufetubi (D:5)
  An adder zombie (D:5)
  2 worms
  6 dart slugs
  32 orcs
  5 endoplasms
  4 giant cockroaches
  5 goblins
  7 hobgoblins
  3 jackals (D:4)
  8 kobolds
  2 quokkas
  5 ball pythons
  5 bats
  4 frilled lizards
  8 rats
162 creatures vanquished.

Vanquished Creatures (others)
  An orc wizard (D:6)
  A plant (D:5)
2 creatures vanquished.

Grand Total: 164 creatures vanquished

Notes
Turn   | Place    | Note
-------+----------+-------------------------------------------
     0 | D:1      | southernslant the Gargoyle Gladiator began the quest for
                  | the Orb.
     0 | D:1      | Reached XP level 1. HP: 12/12 MP: 1/1
   165 | D:1      | Reached XP level 2. HP: 18/18 MP: 2/2
   198 | D:1      | Reached skill level 1 in Armour
   476 | D:1      | Reached XP level 3. HP: 22/22 MP: 3/3
  1015 | D:2      | Reached skill level 3 in Fighting
  1118 | D:2      | Found Cuiputosk's Magic Scroll Boutique.
  1123 | D:2      | Bought a scroll of identify for 28 gold pieces
  1176 | D:2      | Found a faded altar of an unknown god.
  1248 | D:2      | Reached XP level 4. HP: 26/28 MP: 4/4
  1983 | D:3      | Found a white marble altar of Elyvilon.
  2255 | D:3      | Found a shadowy altar of Dithmenos.
  2347 | D:3      | Noticed Grinder
  2365 | D:3      | Killed Grinder
  2366 | D:3      | Reached skill level 4 in Fighting
  2366 | D:3      | Reached XP level 5. HP: 28/33 MP: 5/5
  2366 | D:3      | Reached XP level 6. HP: 32/38 MP: 6/6
  2535 | D:3      | Found Pataxyxu's Antique Weapon Emporium.
  2960 | D:4      | Found an ancient bone altar of Kikubaaqudgha.
  2996 | D:4      | You fall into a shaft and drop 1 floor!
  2996 | D:5      | Entered Level 5 of the Dungeon
  3057 | D:5      | Noticed Prince Ribbit
  3139 | D:5      | HP: 1/38 [Prince Ribbit (1)]
  3146 | D:5      | Killed Prince Ribbit
  3147 | D:5      | Reached XP level 7. HP: 25/44 MP: 7/7
  3999 | D:4      | Reached skill level 1 in Evocations
  4088 | D:4      | Reached XP level 8. HP: 15/48 MP: 8/8
  4506 | D:4      | Found a staircase to the Ecumenical Temple.
  4513 | Temple   | Entered the Ecumenical Temple
  4523 | Temple   | Became a worshipper of Makhleb the Destroyer
  4602 | D:4      | Found a radiant altar of Vehumet.
  4965 | D:5      | Reached skill level 5 in Fighting
  4965 | D:5      | Reached skill level 5 in Armour
  4979 | D:5      | Reached skill level 1 in Invocations
  5241 | D:5      | Reached skill level 1 in Stealth
  5357 | D:5      | Found a snail-covered altar of Cheibriados.
  5504 | D:5      | Noticed Menkaure
  5514 | D:5      | Killed Menkaure
  6036 | D:6      | Reached * piety under Makhleb
  6199 | D:6      | Reached XP level 9. HP: 39/54 MP: 10/10
  7145 | D:6      | Reached skill level 6 in Fighting
  7429 | D:7      | Found a shimmering altar of Xom.
  7525 | D:7      | Found a hide-covered altar of Uskayaw.
  7612 | D:7      | Identified the ring "Juiwkiy" {Fire rN+}
  8201 | D:7      | Reached skill level 5 in Polearms
  8201 | D:7      | Reached skill level 5 in Dodging
  8840 | D:8      | Noticed Grum
  8857 | D:8      | HP: 2/56 [Grum (2)]
  8858 | D:8      | Demolished by Grum

Illustrated notes

Levels and vault maps discovered:
D:1:      lightli_arrival_flooded_house, layout_rooms, minmay_heptomino_w4
D:2:      layout_basic, serial_shops, shop, ebering_ecumenical_altar_hall
D:3:      layout_loops_ring, nicolae_dithmenos_through_a_glass_darkly,
          elyvilon_altar_3, serial_shops, nicolae_lakefront_shop,
          corexii_item_surrounded_by_moat, uniq_grinder
D:4:      layout_rooms, mainiacjoe_overflow_alcove_2, vehumet_crystals,
          temple_green
D:5:      layout_loops_corners, chei_slow_surprise, saegor_snake_ambush,
          uniq_prince_ribbit1, uniq_menkaure
D:6:      layout_loops_ring, nicolae_ossuary_entry_ruins
D:7:      layout_loops_corners, amcnicky_altar_gilded,
          mainiacjoe_overflow_alcove_4
D:8:      layout_gridville, chequers_serial_rivers_micro_d, uniq_grum
Temple:   nicolae_temple_hex_pool

Skill      XL: |  1  2  3  4  5  6  7  8  9 |
---------------+----------------------------+-----
Armour         | 1 2 3 4 5 |  5.8
Throwing       | 2 3 4 |  4.4
Polearms       | 3 4 5 |  5.0
Fighting       | 3 4 5 6 |  6.5
Dodging        | 3 4 5 |  5.1
Evocations     | 1 2 3 |  3.1
Invocations    | 2 4 |  4.0
Stealth        | 2 3 |  3.2

Action                   |  1- 3 |  4- 6 |  7- 9 || total
-------------------------+-------+-------+-------++-------
Melee: Trident           |   115 |   132 |   537 ||   784
       Punch             |       |     2 |     9 ||    11
Throw: Stone             |       |    26 |       ||    26
       Throwing net      |       |    12 |     4 ||    16
       Dart              |       |     9 |    19 ||    28
Evoke: Wand              |       |       |    13 ||    13
  Use: Potion            |       |     1 |       ||     1
 Stab: Sleeping          |     1 |       |     7 ||     8
       Held in net/web   |       |     3 |     1 ||     4
       Distracted        |       |       |     1 ||     1
Armor: Leather armour    |    23 |    40 |   245 ||   308
Dodge: Dodged            |    52 |    75 |   276 ||   403

Table legend: (Time is in decaauts)
 A = Elapsed time spent in this place.
 B = Non-inter-level travel time spent in this place.
 C = Inter-level travel time spent in this place.
 D = Time resting spent in this place.
 E = Time spent auto-exploring this place.
 F = Levels seen in this place.
 G = Mean time per level.
                   A        B        C        D        E       F      G
               +--------+--------+--------+--------+--------+-----+--------+
         Total |   8945 |   8926 |     19 |      0 |   6791 |   9 |  993.9 |
       Dungeon |   8872 |   8853 |     19 |      0 |   6742 |   8 | 1109.0 |
        Temple |     73 |     73 |      0 |      0 |     49 |   1 |   73.0 |
               +--------+--------+--------+--------+--------+-----+--------+

Top non-repeatable levels by time:
     D:5: 2216 daAuts
     D:7: 1502 daAuts
     D:6: 1278 daAuts
     D:3: 1078 daAuts
     D:4: 1050 daAuts
     D:2: 994 daAuts
     D:1: 654 daAuts
     D:8: 97 daAuts
  Temple: 73 daAuts
